 Dungeon Crawl Stone Soup version 0.18-a0-1730-g73f0523 (webtiles) character file.

15 vev the Skirmisher (level 2, -1/29 HPs)
             Began as an Ogre Arcane Marksman on Apr 10, 2016.
             Slain by a hobgoblin
             ... wielding a +0 club
              (5 damage)
             ... on level 1 of the Dungeon.
             The game lasted 00:01:24 (323 turns).

vev the Skirmisher (Ogre Arcane Marksman)            Turns: 323, Time: 00:01:25

Health: -1/29      AC:  3    Str: 15    XL:     2   Next: 50%
Magic:  3/3        EV: 10    Int: 12    God:
Gold:   30         SH:  0    Dex:  9    Spells: 1 memorised, 2 levels left

rFire  . . .     SeeInvis .     g - +0 club
rCold  . . .     Gourm    .     a - +0 robe
rNeg   . . .     Faith    .     (no shield)
rPois  .         Spirit   .     (helmet restricted)
rElec  .         Dismiss  .     (no cloak)
rCorr  .         Reflect  .     (gloves unavailable)
SustAt .         Harm     .     (boots unavailable)
MR     .....                    (no amulet)
Stlth  +.........               (no ring)
                                (no ring)

@: not resistant to hostile enchantments, very unstealthy
A: unfitting armour, tough skin 1
a: no special abilities


You were on level 1 of the Dungeon.
You were not hungry.

You visited 1 branch of the dungeon, and saw 1 of its levels.

You collected 30 gold pieces.

Inventory:

Hand Weapons
 g - a +0 club (weapon)
Missiles
 c - a large rock (quivered)
 d - 2 throwing nets
Armour
 a - a +0 robe (worn)
Scrolls
 e - 2 scrolls of identify {unknown}
 h - 2 scrolls of teleportation {unknown}
 j - a scroll of blinking {unknown}
Potions
 i - a potion of curing {unknown}
Books
 b - a book of Debilitation

   Spells                             Type                      Level
   a - Corona                         Hexes                        1
   b - Slow                           Hexes                        2
   c - Gell's Gravitas                Hexes/Translocation          3
   d - Inner Flame                    Hexes/Fire                   3
   e - Cause Fear                     Hexes                        4
   f - Leda's Liquefaction            Hexes/Earth                  4
Comestibles
 f - 2 bread rations
 k - a beef jerky


   Skills:
 + Level 2.6 Fighting
 * Level 1.5 Maces & Flails
 - Level 2.0 Throwing
 - Level 1.7 Dodging
 - Level 1.2 Spellcasting
 - Level 2.1 Hexes


You had 2 spell levels left.
You knew the following spells:

 Your Spells              Type           Power        Failure   Level  Hunger
a - Corona                Hex            #......      14%         1    ##.....


Dungeon Overview and Level Annotations

Branches:
Dungeon (1/15)

Altars:


Innate Abilities, Weirdness & Mutations

You are too large for most types of armour.
You have tough skin (AC +1).


Message History

Aim: a hobgoblin, wielding a club You throw a large rock.
The large rock hits the hobgoblin.
The hobgoblin is almost dead.
The hobgoblin hits you but does no damage.
Throwing (i - inventory. (,) - cycle):
c - 3 large rocks (quivered)
Press: ? - help, Shift-Dir - straight line, f/p - hobgoblin
Aim: a hobgoblin, wielding a club (almost dead)
You throw a large rock.
The large rock barely misses the hobgoblin.
The hobgoblin hits you with a club.
* * * LOW HITPOINT WARNING * * *
The hobgoblin hits you with a club.
* * * LOW HITPOINT WARNING * * *
Throwing (i - inventory. (,) - cycle):
c - 2 large rocks (quivered)
Press: ? - help, Shift-Dir - straight line, f/p - hobgoblin
Aim: a hobgoblin, wielding a club (almost dead)
You throw a large rock.
The large rock closely misses the hobgoblin.
The hobgoblin barely misses you. The hobgoblin hits you with a club.
You die...

#.≈.≈.##.≈)###...#.# #.....###
.≈≈≈≈≈..≈≈≈..≈...#.# #.......#
≈≈≈≈≈≈≈≈≈≈≈≈.....'.# #.....#.###
≈≈≈≈≈≈≈≈≈≈≈≈≈..≈.'.# #....†#...#
≈≈P≈P≈≈≈≈P≈≈≈≈≈P.### ###.#####.##
≈P≈P≈≈≈≈PPP..≈...# #.# #...
PP≈P≈≈≈≈P≈.P.≈...# #.#######.
########################.........
.......@g.....(.........
####.#####..###.........
####.....g...............
......)........##########
...............#.....#
###...................
##..$.......).......
#..................
#..##...............


You could see a hobgoblin.

Vanquished Creatures
  A dart slug (D:1)
  3 bats (D:1)
  2 goblins (D:1)
  2 hobgoblins (D:1)
  A ball python (D:1)
  3 giant newts (D:1)
  A rat (D:1)
13 creatures vanquished.

Notes
Turn   | Place    | Note
--------------------------------------------------------------
     0 | D:1      | vev the Ogre Arcane Marksman began the quest for the Orb.
     0 | D:1      | Reached XP level 1. HP: 19/19 MP: 2/2
   132 | D:1      | Reached XP level 2. HP: 26/29 MP: 3/3
   246 | D:1      | Reached skill level 1 in Maces & Flails
   323 | D:1      | Slain by a hobgoblin

Vault maps used:
D:1:      lightli_arrival_windingriver

Skill      XL: |  1  2 |
---------------+-------+-----
Fighting       | 2 |  2.6
Maces & Flails | 1 |  1.5
Throwing       | |  2.0
Dodging        | |  1.7
Spellcasting   | |  1.2
Hexes          | |  2.1

Action                   || total
-------------------------++-------
Melee: Unarmed           ||    34
       Club              ||    32
Throw: Large rock        ||     3
